AoeStats
← MkobeW

Lombardia

510245366Analyzed
4v4 RM · 11h ago on Sep 30, 2026· 62m 7s· 8 players
Game mode
Random Map
Map size
Large (8 player)
Population
200
Speed
Normal
Resources
Standard
Victory
Conquest
Starting age
Dark Age
Ending age
Imperial Age
RankedLock teamsTeams togetherTeam positionsShared explorationLock speedFull tech treeHidden civsTurbo modeCheats
Victory
Defeat
🇫🇷 Mongols · France
1317
+16
🇺🇸 Ethiopians · United States
1287
+38
🇹🇼 Burgundians · Taiwan
1280
+18
🇮🇹 Danes · Italy
1251
+19
🇺🇸 Koreans · United States
1403
-21
🇺🇸 Magyars · United States
1315
-17
🇺🇸 Varangians · United States
1304
-17
🇺🇸 Persians · United States
1251
-15
Cryptomage
7:04 Loom
8:49 Feudal Age
18:20 Double-Bit Axe
18:17 Horse Collar
22:47 Stone Mining
22:47 Gold Mining
26:42 Castle Age
26:51 Wheelbarrow
26:15 Fletching
26:25 Padded Archer Armor
29:33 Gold Shaft Mining
29:12 Bow Saw
30:02 Husbandry
31:03 Bodkin Arrow
33:06 Ballistics
33:06 Thumb Ring
35:15 Caravan
37:13 Heavy Plow
38:32 Ballistics
40:57 Imperial Age
40:17 Leather Archer Armor
41:17 Bloodlines
41:10 Heavy Scorpion
42:37 Drill
43:10 Parthian Tactics
43:41 Siege Engineers
45:53 Chemistry
47:09 Elite Mangudai
50:54 Bracer
MkobeW
8:23 Loom
10:34 Feudal Age
11:15 Double-Bit Axe
11:12 Horse Collar
13:57 Fletching
15:51 Padded Archer Armor
20:52 Castle Age
19:35 Gold Mining
20:59 Crossbowman
21:36 Bodkin Arrow
24:11 Bow Saw
24:13 Heavy Plow
29:08 Wheelbarrow
30:17 Thumb Ring
35:05 Imperial Age
35:37 Gold Shaft Mining
36:01 Hand Cart
35:50 Bracer
35:49 Arbalester
37:38 Chemistry
37:41 Ballistics
38:42 Leather Archer Armor
41:47 Ring Archer Armor
46:18 Caravan
49:22 Hand Cart
50:22 Conscription
51:18 Stone Mining
51:56 Torsion Engines
IAMDAGG
10:21 Feudal Age
9:09 Double-Bit Axe
9:09 Horse Collar
20:46 Castle Age
19:00 Bow Saw
19:32 Heavy Plow
19:59 Gold Mining
23:45 Stone Mining
27:12 Scale Barding Armor
27:18 Forging
27:47 Wheelbarrow
26:58 Town Watch
27:36 Husbandry
30:16 Chain Barding Armor
34:40 Imperial Age
32:53 Loom
34:03 Cavalier
34:50 Burgundian Vineyards
35:24 Iron Casting
35:54 Conscription
35:27 Paladin
36:46 Plate Barding Armor
37:34 Hand Cart
37:19 Town Patrol
38:12 Crop Rotation
39:59 Blast Furnace
38:29 Light Cavalry
40:47 Two-Man Saw
39:11 Hussar
47:03 Fletching
48:20 Gold Shaft Mining
49:23 Caravan
58:49 Hoardings
Janez
7:01 Loom
11:40 Feudal Age
12:45 Double-Bit Axe
13:03 Horse Collar
16:13 Castle Age
17:13 Bow Saw
19:43 Stone Mining
21:53 Town Watch
22:45 Wheelbarrow
24:06 Stone Shaft Mining
23:50 Scale Mail Armor
24:01 Forging
25:35 Gold Mining
26:37 Hand Cart
28:13 Gold Shaft Mining
31:14 Imperial Age
29:55 Chain Mail Armor
30:15 Iron Casting
29:57 Hamask
32:38 Conscription
31:57 Elite Jomsviking
32:25 Arson
32:41 Squires
32:29 Gambesons
32:30 Arson
35:49 Plate Mail Armor
36:19 Blast Furnace
37:30 Hoardings
39:44 Fletching
39:55 Padded Archer Armor
41:22 Town Patrol
41:24 Northmen's Fury
43:42 Heavy Plow
44:49 Elite Varangian Guard
46:29 Masonry
46:40 Ballistics
48:45 Chemistry
51:49 Caravan
57:33 Murder Holes
57:16 Cranequins
57:59 Elite Skirmisher
59:44 Bodkin Arrow
60:05 Leather Archer Armor
59:56 Scale Barding Armor
60:36 Heavy Mounted Crossbowman
62:08 Siege Engineers
62:19 Thumb Ring
hkc02
5:01 Loom
8:55 Feudal Age
15:23 Fletching
23:49 Castle Age
22:24 Double-Bit Axe
22:20 Horse Collar
23:56 Crossbowman
24:32 Bodkin Arrow
26:09 Gold Mining
30:45 Ballistics
34:49 Wheelbarrow
34:29 Town Watch
39:36 Imperial Age
40:18 Thumb Ring
39:39 Arbalester
40:33 Town Patrol
41:19 Bracer
42:41 Conscription
45:52 Chemistry
47:52 Caravan
50:36 Stone Mining
50:47 Pikeman
51:28 Squires
51:14 Arson
51:32 Scale Mail Armor
51:44 Forging
55:58 Hand Cart
56:06 Bow Saw
菜鸡 no more
6:56 Loom
9:16 Feudal Age
9:42 Double-Bit Axe
9:40 Horse Collar
18:07 Castle Age
19:00 Bow Saw
19:48 Heavy Plow
21:07 Wheelbarrow
26:07 Hand Cart
26:02 Gold Mining
29:19 Bloodlines
29:14 Husbandry
29:25 Forging
29:22 Scale Barding Armor
32:11 Imperial Age
29:51 Town Watch
31:16 Stone Mining
31:36 Town Patrol
32:20 Gold Shaft Mining
32:08 Chain Barding Armor
32:46 Stone Shaft Mining
31:48 Cavalier
33:05 Iron Casting
33:33 Conscription
33:52 Plate Barding Armor
34:47 Two-Man Saw
34:19 Crop Rotation
35:32 Chemistry
34:28 Murder Holes
34:54 Ballistics
34:45 Masonry
34:39 Savar
36:28 Blast Furnace
39:40 Light Cavalry
40:11 Fletching
43:10 Hussar
44:31 Conscription
48:34 Heavy Camel Rider
50:58 Caravan
Morris Sagao
10:34 Feudal Age
12:44 Loom
15:18 Castle Age
13:37 Double-Bit Axe
14:19 Horse Collar
15:09 Gold Mining
22:21 Forging
24:49 Scale Barding Armor
26:18 Wheelbarrow
27:18 Bloodlines
29:01 Husbandry
30:43 Iron Casting
31:16 Chain Barding Armor
36:29 Imperial Age
34:27 Scale Mail Armor
35:12 Squires
34:58 Gambesons
35:32 Chain Mail Armor
37:00 Elite Varangian Guard
39:58 Blast Furnace
40:01 Plate Mail Armor
38:55 Gothikon
39:46 Arson
45:14 Conscription
49:34 Elite Jarl
50:47 Hand Cart
51:46 Plate Barding Armor
53:02 Bow Saw
55:46 Light Cavalry
56:40 Heavy Plow
56:28 Town Watch
58:59 Coinage
58:32 Caravan
58:30 Hussar
JON
6:29 Loom
9:57 Feudal Age
13:22 Double-Bit Axe
13:55 Horse Collar
20:46 Wheelbarrow
21:18 Gold Mining
24:16 Castle Age
23:00 Bloodlines
22:56 Scale Barding Armor
23:49 Town Watch
24:22 Light Cavalry
25:02 Husbandry
26:56 Chain Barding Armor
33:48 Gold Shaft Mining
39:35 Imperial Age
38:39 Bow Saw
39:42 Fletching
39:40 Cavalier
41:39 Plate Barding Armor
43:06 Bodkin Arrow
43:02 Heavy Cavalry Archer
43:45 Padded Archer Armor
44:08 Bracer
47:02 Leather Archer Armor
47:49 Chemistry
48:06 Masonry
50:27 Ring Archer Armor
50:21 Ballistics
53:40 Parthian Tactics
54:28 Scale Mail Armor
55:08 Thumb Ring
54:28 Pikeman
56:14 Chain Mail Armor
56:43 Hand Cart
57:26 Halberdier
Connection lost

Rejoining the realm…

Still unreachable

The connection could not be restored.

Session expired

The server has moved on; the page needs a fresh start.